Unix NetHack Version 5.0.0-0 post-release - last build May 31 2026 23:59:36 (970b52f25bf058293b47ddfd14a1e40e571c508c,branch:main).

Game began 2026-06-02 11:54:24, ended 2026-06-02 13:13:05.

GdeVolpiano, neutral female human Tourist

                              --------------------
                              |........|...|.....|
                              |`....-..|.-.|..%..|
                              |..|.....|00.|.....|
                              |-.|..-..|.-.|..<..|
                              |...--.......|.....|
                              |...|...-...-|....)|
                              |...|..|...--|....)|
                              |-..|..-----------[|
                              |......^.....D.@Ba.|
                              |...|.>-------------
                              --------

GdeVolpiano the Excursionist  St:10 Dx:16 Co:17 In:13 Wi:10 Ch:16  Neutral
Dlvl:3  $:311 HP:0(53) Pw:23(23) AC:1  Xp:8 T:9809  Burdened

Latest messages:
 You hit the gnome mummy!
 You hit the gnome mummy!
 The gnome mummy hits!
 You destroy the gnome mummy!
 You miss the vampire bat.
 You hit the vampire bat!
 The vampire bat misses!
 The vampire bat bites!
 The vampire bat bites!
 The vampire bat bites again!
 You miss the vampire bat.
 You hit the vampire bat.
 The vampire bat bites!
 The vampire bat misses!
 You miss the vampire bat.
 You hit the vampire bat.
 The vampire bat bites!
 The vampire bat bites again!
 The vampire bat bites!
 The vampire bat bites again!
 The vampire bat bites!
 The vampire bat bites again!
 You hit the vampire bat.
 You miss the vampire bat.
 The vampire bat bites!
 The vampire bat bites again!
 The vampire bat misses!
 The vampire bat bites!
 You hit the vampire bat.
 You hit the vampire bat!
 The vampire bat bites!
 The vampire bat misses!
 The vampire bat bites!
 The vampire bat bites again!
 You miss the vampire bat.
 You miss the vampire bat.
 The vampire bat bites!
 The vampire bat bites again!
 The vampire bat bites!
 The vampire bat misses!
 The vampire bat bites!
 The vampire bat bites again!
 The vampire bat bites!
 The vampire bat bites again!
 The vampire bat's bite was poisoned!
 You hear the howling of the CwnAnnwn...
 The vampire bat bites!
 You die...
 Do you want your possessions identified? [ynq] (y)
 Do you want to see your attributes? [ynq] (y)

Inventory:
 Coins    ('$')
  $ - 311 gold pieces
 Weapons  (')')
  a - 11 +2 darts
  H - 10 +0 darts
  b - 9 cursed +0 darts (at the ready)
  s - a blessed +2 scimitar (wielded in right hand)
  m - a +0 scimitar (wielded in left hand)
 Armor    ('[')
  K - an uncursed +0 dwarvish iron helm (being worn)
  w - an uncursed +0 pair of kicking boots (being worn)
  q - a cursed very rotted +0 cloak of magic resistance (being worn)
  M - an uncursed +0 dwarvish mithril-coat (being worn)
 Comestibles  ('%')
  x - an uncursed fig
  e - 2 uncursed cram rations
  g - 6 uncursed food rations
  X - an uncursed lizard corpse
  u - a cursed lizard corpse
 Scrolls  ('?')
  n - 2 uncursed scrolls of earth
  W - an uncursed scroll of enchant weapon
  U - an uncursed scroll of gold detection
  c - an uncursed scroll of magic mapping
 Potions  ('!')
  V - an uncursed potion of gain level
  Z - a blessed potion of paralysis
 Rings    ('=')
  j - an uncursed ring of polymorph control
  t - an uncursed ring of protection from shape changers
  C - an uncursed ring of protection from shape changers
  i - an uncursed ring of sustain ability
 Wands    ('/')
  y - a wand of create monster (0:12)
  r - a wand of locking (0:3)
  l - a wand of magic missile (0:5)
  o - a wand of secret door detection (0:12)
 Tools    ('(')
  I - an uncursed lock pick
  Y - a +0 pick-axe

GdeVolpiano the Tourist's attributes:

Background:
 You were an Excursionist, a level 8 female human Tourist.
 You were neutral, on a mission for The Lady
 who was opposed by Blind Io (lawful) and Offler (chaotic).
 You were right-handed.
 You were in Sokoban, on level 3.
 You entered the dungeon 9809 turns ago.
 There was a full moon in effect when your adventure ended.
 You had 1811 experience points, 749 more were needed to attain level 9.

Basics:
 You had 0 out of 53 hit points.
 You had all 23 energy points (spell power).
 Your armor class was 1.
 Your wallet contained 311 zorkmids.
 Autopickup was on for '$?!/="+' plus thrown, with exceptions.

Final Characteristics:
 Your strength was 10 (peak:14, limit:18/100).
 Your dexterity was 16 (limit:18).
 Your constitution was 17 (limit:18).
 Your intelligence was 13 (limit:18).
 Your wisdom was 10 (limit:18).
 Your charisma was 16 (limit:18).

Final Status:
 You weren't hungry.
 You were burdened; movement was slightly slowed.
 You were wielding two weapons at once.
 Your skill in saber was limited by being basic with two weapons.

Final Attributes:
 You were piously aligned.
 You were magic-protected.
 You were guarded.
 Your spell casting was impaired by metallic armor.
 You are dead.

Miscellaneous:
 You encountered 1 bones level.
 Total elapsed playing time was 1 hour, 18 minutes and 39 seconds.

Major events:
 Turn
    1: GdeVolpiano the neutral female human Tourist entered the dungeon
  897: entered the Gnomish Mines
  982: attained the rank of Sightseer (level 3)
 3115: reached Mine Town
 3244: attained the rank of Excursionist (level 6)
 7749: entered Sokoban
 8379: completed 1st Sokoban level
 9096: completed 2nd Sokoban level
 9772: completed 3rd Sokoban level
 9809: killed by a vampire bat

Spells:
 Name                 Level Category     Fail Retention
 slow monster           2   enchantment  100%   51%-75%
 detect treasure        4   divination   100%  76%-100%
 polymorph              6   matter       100%  76%-100%

Skills:
 Fighting Skills
   bare handed combat [Unskilled]
   two weapon combat  [Basic]
   riding             [Unskilled]
 Weapon Skills
   dagger             [Unskilled]
   knife              [Unskilled]
   axe                [Unskilled]
   pick-axe           [Unskilled]
   short sword        [Skilled]
   broadsword         [Unskilled]
   long sword         [Unskilled]
   two-handed sword   [Unskilled]
   saber              [Skilled]
   mace               [Unskilled]
   morning star       [Unskilled]
   flail              [Unskilled]
   hammer             [Unskilled]
   quarterstaff       [Unskilled]
   polearms           [Unskilled]
   spear              [Unskilled]
   trident            [Unskilled]
   lance              [Unskilled]
   bow                [Unskilled]
   sling              [Unskilled]
   crossbow           [Unskilled]
   dart               [Basic]
   shuriken           [Unskilled]
   boomerang          [Unskilled]
   whip               [Unskilled]
   unicorn horn       [Unskilled]
 Spellcasting Skills
   divination spells  [Unskilled]
   enchantment spells [Unskilled]
   escape spells      [Unskilled]

Voluntary challenges:
 Character rerolling was not enabled.
 You never genocided any monsters.
 You never changed form.
 You used no wishes.
 You violated the special Sokoban rules thrice.
Achievements:
 You entered the Gnomish Mines.
 You attained the rank of Sightseer.
 You entered Minetown.
 You entered a temple.
 You attained the rank of Excursionist.
 You entered a shop.
 You entered Sokoban.

 The Dungeons of Doom: levels 1 to 7
    Level 1:
       A fountain.
    Level 2: "vault"
       An altar to The Lady.
       Stairs down to The Gnomish Mines.
    Level 3:
       A bookstore.
    Level 4:
       Some fountains, a sink.
    Level 5:
       Many fountains.
       Final resting place for
          voidsouls-Wiz-Hum-Mal-Neu, killed by an umber hulk.
    Level 6:
       A sink.
       Stairs up to Sokoban, level 5.
    Level 7:
 The Gnomish Mines: levels 3 to 6
    Level 3:
    Level 4:
    Level 5:
       A lighting shop, a temple and an altar, some fountains, a sink.
    Level 6:
 Sokoban: levels 5 up to 3
    Level 3: <- You were here.
       Solved.
       Final resting place for
          you, killed by a vampire bat.
    Level 4:
       Solved.
    Level 5:
       Solved.


Vanquished creatures:
  a ghost
 an umber hulk
  a small mimic
  a flaming sphere
  a chameleon
  a crocodile
  a cockatrice
  2 wolves
  5 leprechauns
  a vampire bat
  3 brown puddings
  a gold golem
  a lizard
  4 chickatrices
  a dingo
  a dog
  a jaguar
  a blue jelly
  2 ravens
  a gnome mummy
  a rope golem
  a bugbear
  2 imps
  2 water nymphs
  4 fog clouds
  a yellow light
  a shrieker
  6 gnome leaders
  3 gnomish wizards
  a kobold mummy
  a gray ooze
  4 elf zombies
  a ghoul
  a paper golem
  a giant ant
  2 little dogs
  a floating eye
  a kitten
 12 dwarves
  a homunculus
  a kobold leader
  2 kobold shamans
  9 hill orcs
  6 rothes
  2 centipedes
  4 monkeys
  8 orc zombies
  2 werejackals
  3 iguanas
 an acid blob
  2 gas spores
  6 hobbits
  a large kobold
  3 hobgoblins
  5 giant rats
  3 cave spiders
  a yellow mold
  a green mold
 29 gnomes
  a gnome zombie
  8 geckos
 12 jackals
  a fox
  3 kobolds
  3 goblins
 13 grid bugs
  7 lichens
  a kobold zombie
  5 newts
221 creatures vanquished.

No species were genocided or became extinct.

Game over:
                       ----------
                      /          \
                     /    REST    \
                    /      IN      \
                   /     PEACE      \
                  /                  \
                  |   GdeVolpiano    |
                  |      311 Au      |
                  |   killed by a    |
                  |   vampire bat    |
                  |                  |
                  |                  |
                  |       2026       |
                 *|     *  *  *      | *
        _________)/\\_//(\/(/\)/\//\/|_)_______

Aloha GdeVolpiano the Tourist...

You died in Sokoban on dungeon level 3 with 7584 points,
and 311 pieces of gold, after 9809 moves.
You were level 8 with a maximum of 53 hit points when you died.

